 Dungeon Crawl Stone Soup version 0.26-a0-259-g1effd001a9 (webtiles) character file.

Game seed: 9971253679997393529

588 vurker the Chiller (level 6, -4/48 HPs)
             Began as a Demigod Ice Elementalist on July 14, 2020.
             Slain by a hornet zombie (11 damage)
             ... on level 6 of the Dungeon.
             The game lasted 00:08:28 (6750 turns).

vurker the Chiller (Demigod Ice Elementalist)       Turns: 6750, Time: 00:08:29

Health: -4/48      AC:  7    Str: 11    XL:     6   Next: 92%
Magic:  18/23      EV: 12    Int: 23    God:
Gold:   236        SH:  8    Dex: 19    Spells: 0/12 levels left

rFire    . . .     SeeInvis .   d - +1 dagger
rCold    . . .     Faith    .   n - +3 buckler
rNeg     . . .     Spirit   .   a - +0 robe
rPois    .         Reflect  .   k - +0 helmet
rElec    .         Harm     .   t - +0 cloak
rCorr    .                      h - +0 pair of gloves {Dex+3}
MR       +....                  m - +1 pair of boots
Stlth    ++........             (no amulet)
HPRegen  0.16/turn              x - ring of protection from magic
MPRegen  0.18/turn              g - ring of magical power

@: no status effects
A: high mp 1
a: no special abilities


You were on level 6 of the Dungeon.
You were not hungry.

You visited 1 branch of the dungeon, and saw 6 of its levels.

You collected 236 gold pieces.

Inventory:

Hand Weapons
 d - a +1 dagger (weapon)
   (You took it off a kobold on level 1 of the Dungeon)
Armour
 a - a +0 robe (worn)
 h - a +0 pair of gloves of dexterity (worn)
   (You found it on level 5 of the Dungeon)
 k - a +0 helmet (worn)
   (You found it on level 4 of the Dungeon)
 m - a +1 pair of boots (worn)
   (You found it on level 5 of the Dungeon)
 n - a +3 buckler (worn)
   (You found it on level 2 of the Dungeon)
 t - a +0 cloak (worn)
   (You took it off Crazy Yiuf on level 2 of the Dungeon)
Jewellery
 b - an uncursed ring of see invisible
   (You found it on level 1 of the Dungeon)
 g - a ring of magical power (right hand)
   (You found it on level 4 of the Dungeon)
 x - a ring of protection from magic (left hand)
   (You found it on level 3 of the Dungeon)
Wands
 u - a wand of paralysis (8)
   (You found it on level 6 of the Dungeon)
Scrolls
 c - 2 scrolls of blinking
 q - 3 scrolls of teleportation
 r - 2 scrolls of immolation
 y - a scroll of identify
Potions
 f - a potion of brilliance
 i - a potion of cancellation {unknown}
 j - 5 potions of curing
 l - 2 potions of mutation {unknown}
 o - a potion of lignification {unknown}
 p - a potion of stabbing {unknown}
 s - 4 potions of heal wounds
 v - a potion of degeneration {unknown}
 w - a potion of invisibility {unknown}
 z - a potion of haste {unknown}
Comestibles
 e - 25 rations


   Skills:
 + Level 2.2 Fighting
 - Level 1.7 Dodging
 - Level 1.7 Stealth
 * Level 2.9 Shields
 * Level 3.7 Spellcasting
 * Level 1.7 Conjurations
 * Level 0.3 Summonings
 * Level 5.1 Ice Magic


You couldn't memorise any spells.
You knew the following spells:

 Your Spells              Type           Power        Failure   Level
a - Freeze                Ice            ####         1%          1
b - Frozen Ramparts       Ice            ####..       4%          3
c - Hailstorm             Conj/Ice       ###.....     28%         4
d - Summon Ice Beast      Ice/Summ       ###.....     36%         4

Your spell library contained the following spells:

 Spells                   Type           Power        Failure   Level
 Ensorcelled Hibernation  Hex/Ice        ###...       6%          2
 Corona                   Hex            #......      12%         1
 Ozocubu's Armour         Chrm/Ice       ###.....     13%         3
 Dazzling Flash           Conj/Hex       #.....       26%         3
 Confusing Touch          Hex            #.......     36%         3
 Tukima's Dance           Hex            #.......     36%         3


Dungeon Overview and Level Annotations

Branches:
Dungeon (6/15)
 Temple: D:4-7


Innate Abilities, Weirdness & Mutations

You have an increased reservoir of magic. (+10% MP)


Message History

* * * LOW HITPOINT WARNING * * *
The walls around you are covered in ice.
The hornet zombie completely resists.
The wall freezes the hornet zombie but do no damage.
The hornet zombie hits you!
* * * LOW HITPOINT WARNING * * *
The hornet zombie completely resists.
The wall freezes the hornet zombie but do no damage.
The hornet zombie hits you.
* * * LOW HITPOINT WARNING * * *
The hornet zombie resists.
The wall freezes the hornet zombie.
The spell is quite dangerous to cast (36% risk of failure)!
Continue anyway?
A chill wind blows around you.
The hornet zombie completely resists.
The wall freezes the hornet zombie but do no damage.
The hornet zombie hits you.
* * * LOW HITPOINT WARNING * * *
You hit the hornet zombie but do no damage.
The hornet zombie completely resists.
The wall freezes the hornet zombie but do no damage.
You block the hornet zombie's attack.
The hornet zombie resists.
The wall freezes the hornet zombie.
You block the hornet zombie's attack.
Your ice beast barely misses the hornet zombie.
You hit the hornet zombie but do no damage.
The hornet zombie resists.
The wall freezes the hornet zombie.
The hornet zombie misses you.
Your ice beast misses the hornet zombie.
You hit the hornet zombie but do no damage.
The hornet zombie completely resists.
The wall freezes the hornet zombie but do no damage.
You block the hornet zombie's attack.
Your ice beast hits the hornet zombie but does no damage.
You hit the hornet zombie.
The hornet zombie resists.
The wall freezes the hornet zombie.
The hornet zombie barely misses you.
Your ice beast barely misses the hornet zombie.
The hornet zombie resists.
The wall freezes the hornet zombie.
The hornet zombie barely misses you.
You hit the hornet zombie.
The hornet zombie completely resists.
The wall freezes the hornet zombie but do no damage.
The hornet zombie barely misses you.
Your ice beast hits the hornet zombie but does no damage.
You barely miss the hornet zombie.
The frozen ramparts melt away.
The hornet zombie hits you.
* * * LOW HITPOINT WARNING * * *
Your ice beast closely misses the hornet zombie.
Unknown command.
You barely miss the hornet zombie. The hornet zombie misses you.
Your ice beast closely misses the hornet zombie.
You hit the hornet zombie but do no damage.
The hornet zombie hits you!
You die...

#.# #.# ...###
#.# ...... #.#
#...... #.#
....### ##.##
....#⌠# #...#
$...###
#...###Y......
#....@Z...+
#...###...#
#...# ...#
#...# ...#
#...# ####
#####


You could see a hornet zombie and a friendly ice beast (summoned).

Vanquished Creatures
  Blork the orc (D:6)
  A scorpion (D:6)
  An orc wizard (D:3)
  Crazy Yiuf (D:2)
  A centaur skeleton (D:5)
  2 bullfrog skeletons
  4 worker ants (D:4)
  A killer bee zombie (D:5)
  A hound zombie (D:6)
  7 adders
  A shadow imp (D:5)
  A white imp (D:5)
  An ooze (D:3)
  An adder skeleton (D:4)
  3 worms
  A dart slug (D:1)
  3 leopard geckos
  8 orcs
  6 giant cockroaches
  3 goblins (D:1)
  13 hobgoblins
  7 jackals
  7 kobolds
  6 quokkas
  2 ball pythons (D:2)
  9 bats
  7 frilled lizards
  A jackal skeleton (D:4)
  A leopard gecko skeleton (D:5)
  7 rats
108 creatures vanquished.

Notes
Turn   | Place    | Note
-------+----------+-------------------------------------------
     0 | D:1      | vurker the Demigod Ice Elementalist began the quest for the
                  | Orb.
     0 | D:1      | Reached XP level 1. HP: 14/14 MP: 5/5
   231 | D:1      | Reached XP level 2. HP: 16/22 MP: 2/7
   746 | D:1      | Reached skill level 4 in Ice Magic
  1147 | D:2      | Reached XP level 3. HP: 26/27 MP: 7/9
  1171 | D:2      | Reached skill level 1 in Fighting
  1416 | D:2      | Learned a level 3 spell: Frozen Ramparts
  1835 | D:2      | Found a runed translucent door.
  1836 | D:2      | Noticed Crazy Yiuf
  1918 | D:2      | Reached skill level 1 in Shields
  2262 | D:2      | Reached XP level 4. HP: 35/35 MP: 10/10
  2574 | D:2      | Killed Crazy Yiuf
  3051 | D:3      | Reached XP level 5. HP: 37/40 MP: 3/12
  3778 | D:4      | Learned a level 4 spell: Hailstorm
  4288 | D:4      | Noticed a phantom
  4571 | D:4      | Found an opulent altar of Gozag.
  4798 | D:5      | Entered Level 5 of the Dungeon
  4820 | D:4      | Reached XP level 6. HP: 48/48 MP: 14/14
  4903 | D:5      | Found a shattered altar of Ashenzari.
  5297 | D:5      | Reached skill level 1 in Conjurations
  5477 | D:5      | Reached skill level 5 in Ice Magic
  5716 | D:5      | Found a burning altar of Makhleb.
  6298 | D:5      | Found a glowing golden altar of the Shining One.
  6553 | D:6      | Noticed Blork the orc
  6566 | D:6      | Killed Blork the orc
  6625 | D:6      | Learned a level 4 spell: Summon Ice Beast
  6750 | D:6      | Slain by a hornet zombie

Illustrated notes

Levels and vault maps discovered:
D:1:      dpeg_arrival_stone_temple_mockup, layout_basic
D:2:      layout_basic, kennysheep_pointless_box, kennysheep_generic_room_2,
          uniq_crazy_yiuf_cottage
D:3:      layout_loops_ring
D:4:      kb_forest_paths, layout_basic, grunt_gozag_breadcrumbs, first_ration
D:5:      layout_loops_ring, kennysheep_mini, basic_altar,
          minmay_misc_feat_enclosed, bloody_makhleb
D:6:      layout_basic, minmay_temple_entry_from_below_a, hex_medium,
          feat_on_display, uniq_blork_the_orc

Skill      XL: |  1  2  3  4  5  6 |
---------------+-------------------+-----
Spellcasting   | 2 3 |  3.7
Ice Magic      | 4 5 |  5.1
Fighting       | 1 2 |  2.2
Shields        | 1 2 |  2.9
Conjurations   | 1 |  1.7
Dodging        | |  1.7
Stealth        | |  1.7
Summonings     | |  0.3

Action                   |  1- 3 |  4- 6 || total
-------------------------+-------+-------++-------
Melee: Unarmed           |     5 |       ||     5
       Dagger            |    35 |   166 ||   201
 Cast: Freeze            |    51 |    61 ||   112
       Frozen Ramparts   |       |    20 ||    20
       Summon Ice Beast  |       |     1 ||     1
  Use: Scroll            |       |    11 ||    11
 Stab: Sleeping          |     8 |     2 ||    10
  Eat: Ration            |     1 |     4 ||     5
Armor: Robe              |    19 |    38 ||    57
Dodge: Dodged            |    51 |   101 ||   152
Block: Buckler           |     5 |    69 ||    74

Table legend:
 A = Non-vault XP
 B = Vault XP
 C = Vault XP percentage of total XP
 D = Non-vault monster count
 E = Vault monster count
 F = Vault count percentage of total count
                 A         B        C        D         E       F
            +---------+---------+-------+---------+---------+-------
      Total |     681 |     159 |  18.9 |     100 |       8 |   7.4
            +---------+---------+-------+---------+---------+-------
        D:1 |      45 |       0 |   0.0 |      25 |       0 |   0.0
        D:2 |      70 |      42 |  37.5 |      20 |       3 |  13.0
        D:3 |     126 |       0 |   0.0 |      27 |       0 |   0.0
        D:4 |     165 |      21 |  11.3 |      12 |       4 |  25.0
        D:5 |     140 |       0 |   0.0 |      13 |       0 |   0.0
        D:6 |     135 |      96 |  41.6 |       3 |       1 |  25.0
            +---------+---------+-------+---------+---------+-------
